 Dungeon Crawl Stone Soup version 0.19.1-1-g22dce08 (webtiles) character file.

205 soukkis the Covered (level 6, -5/47 HPs)
             Began as a Human Fighter on Jan 14, 2017.
             Slain by Menkaure (16 damage)
             ... on level 4 of the Dungeon.
             The game lasted 00:52:06 (5030 turns).

soukkis the Covered (Human Fighter)                 Turns: 5030, Time: 00:52:06

Health: -5/47      AC: 16    Str: 20    XL:     6   Next: 9%
Magic:  6/6        EV:  4    Int:  8    God:
Gold:   254        SH:  9    Dex: 13    Spells: 0 memorised, 5 levels left

rFire  . . .     SeeInvis .     d - +0 falchion
rCold  + + .     Gourm    .     m - +0 plate armour
rNeg   + . .     Faith    .     v - +0 shield
rPois  .         Spirit   .     b - +0 helmet
rElec  .         Reflect  .     o - +0 cloak
rCorr  .         Harm     .     l - +1 pair of gloves
MR     .....                    (no boots)
Stlth  ..........               s - amulet of regeneration
                                r - ring of protection from cold
                                e - ring of positive energy

@: very slightly contaminated, invisible
A: cold resistance 1, high mp 1, strong 1, evolution 1
a: no special abilities


You were on level 4 of the Dungeon.
You were not hungry.

You visited 1 branch of the dungeon, and saw 4 of its levels.

You collected 254 gold pieces.

Inventory:

Hand Weapons
 a - a +0 long sword
 d - a +0 falchion (weapon)
 n - a +4 quarterstaff of chaos
 p - a cursed -2 whip
Missiles
 j - 10 poisoned needles (quivered)
 w - 5 tomahawks
Armour
 b - a +0 helmet (worn)
 h - a +0 helmet
 l - a +1 pair of gloves (worn)
 m - a +0 plate armour (worn)
 o - a +0 cloak (worn)
 v - a +0 shield (worn)
Jewellery
 e - a ring of positive energy (left hand)
 r - a ring of protection from cold (right hand)
 s - an amulet of regeneration (around neck)
Wands
 g - a wand of flame (29/48)
Potions
 c - a potion of invisibility
 q - 2 potions of curing
 t - a potion of heal wounds
Books
 u - a book of Minor Magic

   Spells                             Type                      Level
   a - Magic Dart                     Conjuration                  1
   b - Blink                          Translocation                2
   c - Call Imp                       Summoning                    2
   d - Repel Missiles                 Charms/Air                   2
   e - Slow                           Hexes                        2
   f - Conjure Flame                  Conjuration/Fire             3
   g - Mephitic Cloud                 Conjuration/Poison/Air       3
Comestibles
 f - a meat ration
 i - a royal jelly
 k - 3 fruits
 x - a slice of pizza
 z - a beef jerky


   Skills:
 * Level 3.5 Fighting
 + Level 3.7 Long Blades
 * Level 4.1 Armour
 + Level 0.6 Dodging
 + Level 3.6 Shields
 * Level 1.4 Unarmed Combat


You had 5 spell levels left.
You didn't know any spells.

Dungeon Overview and Level Annotations

Branches:
Dungeon (4/15)
 Temple: D:4-7

Altars:

Annotations:
D:4 Menkaure


Innate Abilities, Weirdness & Mutations

Your flesh is cold resistant. (rC+)
You have an increased reservoir of magic. (+10% MP)
Your muscles are strong. (Str +2)
You evolve.


Message History

Press: ? - help, Shift-Dir - straight line, f/p - Menkaure
Aim: Menkaure You toss away a poisoned needle.
The poisoned needle hits Menkaure.
A leopard gecko comes into view.
The leopard gecko hisses angrily.
You hit Menkaure.
Menkaure is lightly damaged.
Menkaure calls on the powers of darkness!
Your body is wracked with pain!
The leopard gecko convulses!
You slash Menkaure!
Menkaure is moderately damaged.
Menkaure calls on the powers of darkness!
Your body is wracked with pain!
The leopard gecko convulses!
You fade into invisibility!
Menkaure calls on the powers of darkness!
Your body is wracked with pain!
* * * LOW HITPOINT WARNING * * *
You are very lightly contaminated with residual magic.
Menkaure hits you!
You die...

. .... ..## #. ....# #..#
#.# #... #..# #..# #..#
#..### ##... . #.(.
#....######.... ...##.(##
#..............
......lM###..............
#......@................
####..#####..####.......
#.# ###.###.†..... #.
##.##....... #
##......... #.##....##
#.####.### ## ###


You could see Menkaure and a leopard gecko.

Vanquished Creatures
  Ijyb (D:3)
  Crazy Yiuf (D:3)
  Natasha (D:3)
  An orc wizard (D:3)
  2 adders
  5 worms
  2 dart slugs (D:2)
  3 orcs (D:3)
  2 ball pythons
  5 giant cockroaches
  9 goblins
  10 hobgoblins
  6 kobolds
  3 quokkas
  3 bats
  2 frilled lizards
  7 rats
  A plant (D:1)
64 creatures vanquished.

Notes
Turn   | Place    | Note
-------+----------+-------------------------------------------
     0 | D:1      | soukkis the Human Fighter began the quest for the Orb.
     0 | D:1      | Reached XP level 1. HP: 18/18 MP: 1/1
  1345 | D:1      | Reached XP level 2. HP: 13/24 MP: 2/2
  1940 | D:1      | Gained mutation: You have an increased reservoir of magic. (+10% MP) [potion of mutation]
  1940 | D:1      | Gained mutation: Your muscles are strong. (Str +2) [potion of mutation]
  1940 | D:1      | Gained mutation: You are frail. (-10% HP) [potion of mutation]
  2032 | D:1      | Gained mutation: You tend to lose your temper in combat. [potion of mutation]
  2032 | D:1      | Gained mutation: You evolve. [potion of mutation]
  2302 | D:1      | Reached XP level 3. HP: 26/26 MP: 3/3
  2832 | D:1      | Gained mutation: Scrolls take you a little longer to read. [evolution]
  3273 | D:2      | Reached XP level 4. HP: 27/31 MP: 4/4
  3375 | D:2      | Gained mutation: Your flesh is cold resistant. (rC+) [potion of beneficial mutation]
  3748 | D:2      | Lost mutation: Scrolls take you a little longer to read. [potion of mutation]
  3748 | D:2      | Lost mutation: You are frail. (-10% HP) [potion of mutation]
  3885 | D:2      | Lost mutation: You tend to lose your temper in combat. [evolution]
  4033 | D:3      | Noticed Ijyb
  4044 | D:3      | Killed Ijyb
  4044 | D:3      | Reached XP level 5. HP: 39/41 MP: 5/5
  4198 | D:3      | Found a runed door.
  4231 | D:3      | Noticed Crazy Yiuf
  4238 | D:3      | Killed Crazy Yiuf
  4738 | D:3      | Reached skill level 4 in Armour
  4745 | D:3      | Noticed Natasha
  4762 | D:3      | Killed Natasha
  4782 | D:3      | Reached skill level 1 in Unarmed Combat
  4782 | D:3      | Reached XP level 6. HP: 34/47 MP: 6/6
  5022 | D:4      | Noticed Menkaure
  5030 | D:4      | Slain by Menkaure

Skill      XL: |  1  2  3  4  5 |
---------------+----------------+-----
Long Blades    | 3 |  3.7
Armour         | 4 |  4.1
Unarmed Combat | 1 |  1.4
Fighting       | |  3.5
Dodging        | |  0.6
Shields        | |  3.6

Action                   |  1- 3 |  4- 6 || total
-------------------------+-------+-------++-------
Melee: Long sword        |   152 |   142 ||   294
       Falchion          |       |    23 ||    23
Throw: Stone             |       |     1 ||     1
  Use: Potion            |     3 |     4 ||     7
       Scroll            |     4 |     9 ||    13
  Eat: Bread ration      |     2 |     1 ||     3
Armor: Scale mail        |    84 |    15 ||    99
       Plate armour      |       |    82 ||    82
Dodge: Dodged            |    25 |    19 ||    44
Block: Shield            |    56 |    77 ||   133
       Rpst.: Long sword |     6 |     3 ||     9
       Falchion          |       |     1 ||     1
